 Dungeon Crawl Stone Soup version 0.22-a0-352-gc608dd7fdd (webtiles) character file.

1101 Kriby the Grappler (level 8, 0/80 HPs)
             Began as a Troll Monk on Apr 14, 2018.
             Slain by an orc warrior
             ... wielding a +0 long sword
              (21 damage)
             ... on level 5 of the Dungeon.
             The game lasted 00:04:18 (4266 turns).

Kriby the Grappler (Troll Monk)                     Turns: 4266, Time: 00:04:19

Health: 0/80       AC:  7    Str: 22    XL:     8   Next: 10%
Magic:  7/7        EV: 10    Int:  6    God:
Gold:   246        SH:  0    Dex: 12    Spells: 7/7 levels left

rFire    + . .     SeeInvis .     - Unarmed
rCold    . . .     Gourm    +   (no shield)
rNeg     . . .     Faith    .   a - +0 robe
rPois    .         Spirit   .   (helmet restricted)
rElec    .         Reflect  .   (no cloak)
rCorr    .         Harm     .   (gloves unavailable)
MR       .....                  (boots unavailable)
Stlth    +.........             (no amulet)
HPRegen  0.63/turn              o - ring of protection from fire
MPRegen  0.10/turn              q - +2 ring of protection

@: confused
A: large, unfitting armour, claws 3, fast metabolism 3, gourmand, regeneration
1, shaggy fur 1, tough skin 2
a: no special abilities


You were on level 5 of the Dungeon.
You were very full.

You visited 2 branches of the dungeon, and saw 7 of its levels.

You collected 246 gold pieces.

Inventory:

Armour
 a - a +0 robe (worn)
Jewellery
 j - a +4 ring of dexterity
 n - an uncursed ring of protection from magic
 o - a ring of protection from fire (left claw)
 q - a +2 ring of protection (right claw)
 y - an uncursed ring of see invisible
Wands
 m - a wand of enslavement (16)
 z - a wand of acid (8)
Scrolls
 d - a scroll of immolation {unknown}
 e - 5 scrolls of identify {unknown}
 f - 4 scrolls of remove curse {unknown}
 g - a scroll of magic mapping {unknown}
 h - a scroll of fear {unknown}
 i - 2 scrolls of amnesia {unknown}
 p - 2 scrolls of random uselessness {unknown}
 s - a scroll of enchant armour {unknown}
 t - a scroll of teleportation {unknown}
Potions
 c - 2 potions of curing
 l - a potion of brilliance {unknown}
 r - 2 potions of heal wounds {unknown}
 u - a potion of berserk rage {unknown}
 v - a potion of flight {unknown}
 x - a potion of might {unknown}
Comestibles
 b - 13 rations
 w - 7 chunks of flesh


   Skills:
 + Level 5.1 Fighting
 - Level 2.4 Dodging
 - Level 1.0 Stealth
 * Level 8.4 Unarmed Combat


You had 7 spell levels left.
You didn't know any spells.

Dungeon Overview and Level Annotations

Branches:
Dungeon (6/15)             Temple (1/1) D:4

Altars:
Ashenzari
Cheibriados
Dithmenos
Elyvilon
Fedhas
Gozag
Hepliaklqana
Kikubaaqudgha
Makhleb
Nemelex Xobeh
Qazlal
Ru
Trog
Vehumet
Wu Jian
Yredelemnul
Zin
The Shining One


Innate Abilities, Weirdness & Mutations

You are too large for most types of armour.
You have claws for hands.
Your metabolism is lightning-fast.
You like to eat raw meat.
Your natural rate of healing is unusually fast.
You are covered in fur. (AC +1)
You have very tough skin. (AC +2)


Message History

There is a stone staircase leading up here.
The orc warrior hits you with a long sword!
You climb upwards.
There is a stone staircase leading down here.
You closely miss the orc warrior.
The orc warrior hits you with a long sword!
You scratch the orc warrior but do no damage.
You closely miss the orc warrior.
The orc warrior hits you with a long sword!
You claw the orc warrior!
The orc warrior is heavily wounded.
The orc warrior hits you with a long sword!!
* * * LOW HITPOINT WARNING * * *
Okay, then.
It was a potion of ambrosia.
You are confused.
You feel invigorated.
You're too confused to move!
The orc warrior hits you with a long sword!!
You die...

#.# #.....# #.# #.# #####[# #(#
#.# ##[### #.# #.# ###.)).####.#
#.#####...........#
#....##.#..#.######
####.##.#..#.###########
#.##....#...........#
#.##.##@###########.# #.##.##o.#
#.# #.##.###.# ##.## #.##.#
#.#########.รท.##
##########.##.###..............##
...........##..........####....>#
#####.........###..###.# ##....#
# #.#######.# #).# #.# ##...# #
#.# #.###..# #.# ##.##


You could see an orc warrior.

Vanquished Creatures
  Menkaure (D:5)
  A sky beast (D:4)
  An ogre (D:6)
  A centaur (D:6)
  Blork the orc (D:4)
  A bullfrog (D:6)
  A scorpion (D:4)
  A howler monkey (D:4)
  2 crimson imps
  A hound (D:5)
  2 orc wizards (D:5)
  A bullfrog skeleton (D:4)
  An iguana (D:5)
  3 worker ants
  A hound skeleton (D:5)
  Robin (D:2)
  A worker ant zombie (D:5)
  5 adders
  3 oozes
  An adder zombie (D:5)
  2 worms (D:3)
  A dart slug (D:1)
  7 leopard geckos
  12 orcs
  2 giant cockroaches
  15 goblins
  11 hobgoblins
  8 jackals
  7 kobolds
  A quokka (D:2)
  2 ball pythons
  7 bats
  5 frilled lizards
  3 rats (D:1)
113 creatures vanquished.

Vanquished Creatures (others)
  2 adders (D:2)
  2 goblins (D:2)
4 creatures vanquished.

Grand Total: 117 creatures vanquished

Notes
Turn   | Place    | Note
-------+----------+-------------------------------------------
     0 | D:1      | Kriby the Troll Monk began the quest for the Orb.
     0 | D:1      | Reached XP level 1. HP: 22/22 MP: 0/0
    56 | D:1      | Reached XP level 2. HP: 29/29 MP: 1/1
   584 | D:1      | Reached XP level 3. HP: 36/36 MP: 2/2
   747 | D:2      | Reached skill level 4 in Unarmed Combat
   901 | D:2      | Noticed Robin
   906 | D:2      | Killed Robin
   906 | D:2      | Reached XP level 4. HP: 45/45 MP: 3/3
  1043 | D:2      | Found a radiant altar of Vehumet.
  1815 | D:3      | Reached skill level 5 in Unarmed Combat
  1821 | D:3      | Reached XP level 5. HP: 39/53 MP: 4/4
  2404 | D:4      | Found a sparkling altar of Nemelex Xobeh.
  2506 | D:4      | Found a sacrificial altar of Ru.
  2642 | D:4      | Found a bloodstained altar of Trog.
  2645 | D:4      | Found a stormy altar of Qazlal.
  2648 | D:4      | Found a burning altar of Makhleb.
  2868 | D:4      | Noticed Blork the orc
  2926 | D:4      | Killed Blork the orc
  2926 | D:4      | Reached skill level 6 in Unarmed Combat
  2926 | D:4      | Reached XP level 6. HP: 62/62 MP: 5/5
  3093 | D:4      | Found a staircase to the Ecumenical Temple.
  3134 | Temple   | Entered the Ecumenical Temple
  3160 | D:5      | Entered Level 5 of the Dungeon
  3161 | D:5      | Noticed a sky beast
  3189 | D:4      | Killed a sky beast
  3189 | D:4      | Reached XP level 7. HP: 24/70 MP: 6/6
  3363 | D:5      | Reached skill level 7 in Unarmed Combat
  3732 | D:5      | Noticed Menkaure
  3737 | D:5      | Killed Menkaure
  4000 | D:6      | Reached skill level 8 in Unarmed Combat
  4070 | D:6      | Reached skill level 5 in Fighting
  4070 | D:6      | Reached XP level 8. HP: 56/80 MP: 7/7
  4266 | D:5      | Slain by an orc warrior

Vault maps used:
D:1:      eino_arrival_water_star
D:2:      fiery_altar_vehumet, uniq_robin
D:3:      first_ration, grunt_ministairs_8
D:4:      nicolae_ru_sacrificial_ziggurat, grunt_temple_overflow_diamond,
          lemuel_doored_altar, temple_green, uniq_blork_the_orc
D:5:      uniq_menkaure
D:6:      minmay_holes, minmay_misc_feat_encased, grunt_decor_one_mirror,
          kennysheep_generic_room_5
Temple:   nicolae_temple_no_exploring_needed

Skill      XL: |  1  2  3  4  5  6  7 |
---------------+----------------------+-----
Unarmed Combat | 4 5 6 8 |  8.4
Fighting       | 3 4 5 |  5.1
Dodging        | |  2.4
Stealth        | |  1.0

Action                   |  1- 3 |  4- 6 |  7- 9 || total
-------------------------+-------+-------+-------++-------
Melee: Unarmed           |    63 |   166 |    88 ||   317
       Punch             |       |     6 |     4 ||    10
Evoke: Wand              |       |     2 |       ||     2
  Use: Potion            |       |     2 |     1 ||     3
 Stab: Sleeping          |     5 |     3 |     1 ||     9
       Invisible         |       |     2 |       ||     2
       Distracted        |       |     1 |       ||     1
  Eat: Chunk             |    11 |    22 |    11 ||    44
Armor: Robe              |     8 |    41 |    18 ||    67
Dodge: Dodged            |    25 |    89 |    40 ||   154

Table legend:
 A = Spawn XP
 B = Non-spawn XP
 C = Spawn XP percentage of total XP
 D = Spawn monster count
 E = Non-spawn monster count
 F = Spawn count percentage of total count
 G = Total turns spent on level
                    A         B        C        D         E        F      G
               +---------+---------+-------+---------+---------+-------+---------
         Total |       0 |    1573 |   0.0 |       0 |     113 |   0.0 |  4266
               +---------+---------+-------+---------+---------+-------+---------
           D:1 |       0 |      43 |   0.0 |       0 |      19 |   0.0 |   611
           D:2 |       0 |      84 |   0.0 |       0 |      26 |   0.0 |   756
           D:3 |       0 |      97 |   0.0 |       0 |      29 |   0.0 |   997
           D:4 |       0 |     518 |   0.0 |       0 |      14 |   0.0 |   880
           D:5 |       0 |     490 |   0.0 |       0 |      16 |   0.0 |   742
           D:6 |       0 |     341 |   0.0 |       0 |       9 |   0.0 |   278
               +---------+---------+-------+---------+---------+-------+---------
